 Dungeon Crawl Stone Soup version 0.20.0-15-g7f486f2 (webtiles) character file.

289 Naow the Chopper (level 6, -5/51 HPs)
             Began as a Hill Orc Fighter on June 10, 2017.
             Killed by nerve-wracking pain
             ... invoked by a shadow imp
             ... summoned by Eustachio
              (14 damage)
             ... on level 4 of the Dungeon.
             The game lasted 00:04:41 (3731 turns).

Naow the Chopper (Hill Orc Fighter)                 Turns: 3731, Time: 00:04:41

Health: -5/51      AC: 15    Str: 25      XL:     6   Next: 31%
Magic:  6/6        EV:  4    Int:  8      God:
Gold:   116        SH:  9    Dex:  8 (10) Spells: 5/5 levels left

rFire    . . .     SeeInvis .   a - +0 war axe
rCold    . . .     Gourm    .   c - +0 shield
rNeg     . . .     Faith    .   r - +0 plate armour
rPois    .         Spirit   .   k - +1 helmet
rElec    .         Reflect  .   (no cloak)
rCorr    .         Harm     .   j - +0 pair of gloves
MR       .....                  (no boots)
Stlth    ..........             (no amulet)
Regen    0.2/turn               s - +4 ring of strength (curse)
MPRegen  0.1/turn               (no ring)

@: no status effects
A: no striking features
a: no special abilities


You were on level 4 of the Dungeon.
You were hungry.

You visited 1 branch of the dungeon, and saw 4 of its levels.

You collected 116 gold pieces.

Inventory:

Hand Weapons
 a - a +0 war axe (weapon)
Armour
 b - a +0 scale mail
 c - a +0 shield (worn)
 j - a +0 pair of gloves (worn)
 k - a +1 helmet (worn)
 r - a +0 plate armour (worn)
Jewellery
 s - a cursed +4 ring of strength (left hand)
Scrolls
 e - 2 scrolls of noise {unknown}
 g - 2 scrolls of recharging {unknown}
 i - 2 scrolls of amnesia {unknown}
 l - 6 scrolls of remove curse {unknown}
 o - 4 scrolls of identify {unknown}
 q - a scroll of teleportation {unknown}
Potions
 d - a potion of might
 h - a potion of curing {unknown}
 n - a potion of agility {unknown}
 p - a potion of heal wounds {unknown}
Books
 t - a book of Conjurations

   Spells                             Type                      Level
   a - Magic Dart                     Conjuration                  1
   b - Searing Ray                    Conjuration                  2
   c - Dazzling Spray                 Conjuration/Hexes            3
   d - Fulminant Prism                Conjuration/Hexes            4
   e - Force Lance                    Conjuration/Translocation    4
   f - Iskenderun's Mystic Blast      Conjuration                  4
Comestibles
 f - 3 bread rations
 m - 3 royal jellies
 u - 4 chunks of flesh


   Skills:
 - Level 3.6 Fighting
 * Level 6.8 Axes
 + Level 5.3 Armour
 - Level 3.2 Shields


You had 5 spell levels left.
You didn't know any spells.

Dungeon Overview and Level Annotations

Branches:
Dungeon (4/15)
 Temple: D:4-7

Altars:
Dithmenos
Fedhas
Vehumet
Yredelemnul

Annotations:
D:4 Eustachio


Message History

You block the quasit's attack. Eustachio hits you but does no damage.
The shadow imp hits you but does no damage.
The quasit bites you but does no damage.
The quasit claws you but does no damage. x2
You closely miss Eustachio.
Eustachio is almost dead.
You hit the quasit.
Your shield and plate armour prevent you from hitting the shadow imp.
The quasit disappears in a puff of smoke!
The bat hits you but does no damage. You block Eustachio's attack.
You block the shadow imp's attack.
You miss Eustachio.
Eustachio is almost dead.
You closely miss the shadow imp. The bat hits you but does no damage.
Eustachio hits you with a falchion of slicing.
* * * LOW HITPOINT WARNING * * *
x2 The shadow imp hits you but does no damage.
The shadow imp gestures at you. Pain shoots through your body!
You die...

########### #.........# ###
### #.........# #.. ..#
#.........# #.# #.#
##.........## #.# #.#
#...........# ##.# ###.##
#........§b@# ##@.###.....
#.........5@# ##.$.......##
#...........# #.5...##.###
#...........#####5..###.#
#.###.?#.##.....@.5.....####
### ##############.#######..
#.# #.# #+# # #


You could see Eustachio, a shadow imp and a bat.

Vanquished Creatures
  A bullfrog skeleton (D:4)
  An orc wizard (D:3)
  A gnoll (D:1)
  11 adders
  2 oozes
  2 worms
  A dart slug (D:1)
  4 leopard geckos
  7 orcs
  2 giant cockroaches
  9 goblins
  12 hobgoblins
  11 jackals
  2 quokkas
  6 bats
  6 frilled lizards
  2 gnoll zombies (D:3)
  8 kobolds
  5 rats
93 creatures vanquished.

Notes
Turn   | Place    | Note
-------+----------+-------------------------------------------
     0 | D:1      | Naow the Hill Orc Fighter began the quest for the Orb.
     0 | D:1      | Reached XP level 1. HP: 19/19 MP: 1/1
    75 | D:1      | Reached skill level 3 in Axes
   186 | D:1      | Reached XP level 2. HP: 26/26 MP: 2/2
   622 | D:1      | Reached XP level 3. HP: 31/31 MP: 3/3
   672 | D:1      | Reached skill level 4 in Axes
  1011 | D:1      | Reached XP level 4. HP: 39/39 MP: 4/4
  1284 | D:2      | Found a blossoming altar of Fedhas.
  1446 | D:2      | Reached skill level 5 in Axes
  1777 | D:2      | Found a shadowy altar of Dithmenos.
  1777 | D:2      | Found a radiant altar of Vehumet.
  1967 | D:2      | Reached XP level 5. HP: 31/45 MP: 5/5
  2665 | D:3      | Reached skill level 6 in Axes
  2665 | D:3      | Reached skill level 5 in Armour
  3076 | D:3      | Reached XP level 6. HP: 51/51 MP: 6/6
  3324 | D:3      | Found a basalt altar of Yredelemnul.
  3650 | D:4      | Noticed Eustachio
  3731 | D:4      | Killed from afar by a shadow imp

Skill      XL: |  1  2  3  4  5 |
---------------+----------------+-----
Axes           | 3 4 5 6 |  6.8
Armour         | 4 5 |  5.3
Fighting       | |  3.6
Shields        | |  3.2

Action                   |  1- 3 |  4- 6 || total
-------------------------+-------+-------++-------
Melee: War axe           |    98 |   279 ||   377
  Eat: Chunk             |     1 |     8 ||     9
Armor: Scale mail        |    37 |   107 ||   144
       Plate armour      |       |   132 ||   132
Dodge: Dodged            |    35 |    89 ||   124
Block: Shield            |    60 |   200 ||   260
